TOP OF THE 1ST |
Seattle Pikes batting - Pitching for Toronto Titans : RHP Arturo Medrano
|
Pitching: RHP Arturo Medrano
|
|
Batting: RHB Emílio Bruno
|
0-0: Foul Ball, location: 2F 0-1: Ball 1-1: Ball 2-1: SINGLE (Groundball, 13) (infield hit)
|
Batting: SHB Jong-min Kim
|
0-0: Ball 1-0: Ball 2-0: Ball 3-0: Called Strike 3-1: Ground out 4-3 (Groundball, 4S) Emílio Bruno to second
|
Batting: RHB António Ortega
|
0-0: Ground out 5-3 (Groundball, 5)
|
Batting: LHB Luka Lagerweij
|
0-0: Called Strike 0-1: Foul Ball, location: 2F 0-2: Foul Ball, location: 2F 0-2: Strikes out swinging
|
Top of the 1st over - 0 run(s), 1 hit(s), 0 error(s), 1 left on base; Seattle 0 - Toronto 0 |
BOTTOM OF THE 1ST |
Toronto Titans batting - Pitching for Seattle Pikes : LHP John Whitaker
|
Pitching: LHP John Whitaker
|
|
Batting: SHB Ryobe Yamamoto
|
0-0: Ball 1-0: Ball 2-0: Ball 3-0: Called Strike 3-1: Foul Ball, location: 2F 3-2: SINGLE (Line Drive, 6MD)
|
Batting: LHB José Rodríguez
|
0-0: Swinging Strike 0-1: Foul Ball, location: 2F 0-2: Ball 1-2: Strikes out swinging
|
Batting: LHB Kent MacDulothe
|
0-0: Swinging Strike 0-1: Ball 1-1: Ball 2-1: Ball 3-1: Called Strike 3-2: Base on Balls Ryobe Yamamoto to second
|
Batting: RHB Manuel González
|
0-0: Ball Ryobe Yamamoto steals 3rd base Kent MacDulothe to second 1-0: Foul Ball, location: 2F 1-1: Foul Ball, location: 2F 1-2: 3-RUN HOME RUN (Flyball, 89XD), Distance : 423 ft
|
Batting: LHB Jorge Martínez
|
0-0: Ball 1-0: SINGLE (Groundball, 34D)
|
Batting: RHB Gilberto López
|
0-0: Called Strike 0-1: Ball 1-1: Called Strike 1-2: Fly out, F7 (Flyball, 78S)
|
Batting: LHB Lewis Barr
|
0-0: Swinging Strike 0-1: Foul Ball, location: 2F 0-2: Ball Wild Pitch! Jorge Martínez to second 1-2: Foul Ball, location: 2F 1-2: Strikes out swinging
|
Bottom of the 1st over - 3 run(s), 3 hit(s), 0 error(s), 1 left on base; Seattle 0 - Toronto 3 |
TOP OF THE 2ND |
Seattle Pikes batting - Pitching for Toronto Titans : RHP Arturo Medrano
|
Batting: RHB Henning Huisman
|
0-0: Ball 1-0: Ball 2-0: SINGLE (Line Drive, 4MD)
|
Batting: RHB Dennis Stephenson
|
0-0: Called Strike 0-1: Ball 1-1: Ball 2-1: Foul Ball, location: 2F 2-2: Ball 3-2: Strikes out looking
|
Batting: RHB John Anderson
|
0-0: Called Strike Henning Huisman steals 2nd base 0-1: Ball 1-1: SINGLE (Groundball, 6MD) Henning Huisman to third Runner from 3rd tries for Home, SAFE, no throw or cutoff
|
Batting: RHB Rafael Rincón
|
0-0: Ball 1-0: SINGLE (Groundball, 6MD) John Anderson to second
|
Batting: RHB Roberto Zamora
|
0-0: Called Strike 0-1: Called Strike 0-2: Strikes out swinging
|
Batting: RHB Emílio Bruno
|
0-0: Called Strike 0-1: Ground out 4-3 (Groundball, 4)
|
Top of the 2nd over - 1 run(s), 3 hit(s), 0 error(s), 2 left on base; Seattle 1 - Toronto 3 |
BOTTOM OF THE 2ND |
Toronto Titans batting - Pitching for Seattle Pikes : LHP John Whitaker
|
Batting: RHB David Murray
|
0-0: Ball 1-0: Called Strike 1-1: SINGLE (Line Drive, 89S)
|
Batting: LHB Anacleto Morillo
|
0-0: Ball 1-0: Ball 2-0: Foul Ball, location: 2F 2-1: Ball 3-1: Called Strike 3-2: Fly out, F7 (Popup, 6D)
|
Batting: SHB Ryobe Yamamoto
|
0-0: Foul Ball, location: 2F 0-1: Ball 1-1: Ball 2-1: Foul Ball, location: 2F 2-2: Ball 3-2: DOUBLE (Line Drive, 3L) David Murray to third
|
Batting: LHB José Rodríguez
|
0-0: Foul Ball, location: 2F 0-1: Fly out, F8 (Flyball, 78XD) Runner from 3rd tags up, SCORES, no throw Ryobe Yamamoto to third
|
Batting: LHB Kent MacDulothe
|
0-0: Called Strike 0-1: Ball 1-1: Ball 2-1: Ball 3-1: Fly out, F5 (Line Drive, 56)
|
Bottom of the 2nd over - 1 run(s), 2 hit(s), 0 error(s), 1 left on base; Seattle 1 - Toronto 4 |
TOP OF THE 3RD |
Seattle Pikes batting - Pitching for Toronto Titans : RHP Arturo Medrano
|
Batting: SHB Jong-min Kim
|
0-0: Foul Ball, location: 2F 0-1: Ball 1-1: Ball 2-1: Fly out, F5 (Popup, 5F)
|
Batting: RHB António Ortega
|
0-0: Swinging Strike 0-1: Swinging Strike 0-2: Ball 1-2: Strikes out swinging
|
Batting: LHB Luka Lagerweij
|
0-0: Ball 1-0: Called Strike 1-1: DOUBLE (Line Drive, 89XD)
|
Batting: RHB Henning Huisman
|
0-0: Ball 1-0: Foul Ball, location: 2F 1-1: Swinging Strike 1-2: Ball 2-2: DOUBLE (Line Drive, 5L) Luka Lagerweij scores
|
Batting: RHB Dennis Stephenson
|
0-0: Ball 1-0: DOUBLE (Groundball, 5L) Henning Huisman scores
|
Batting: RHB John Anderson
|
0-0: Ball 1-0: Swinging Strike 1-1: Ball 2-1: Called Strike 2-2: Ball 3-2: Base on Balls
|
Batting: RHB Rafael Rincón
|
0-0: Called Strike 0-1: Foul Ball, location: 2F 0-2: Fielders Choice at 2nd, 5-4 (Groundball, 56)
|
Top of the 3rd over - 2 run(s), 3 hit(s), 0 error(s), 1 left on base; Seattle 3 - Toronto 4 |
BOTTOM OF THE 3RD |
Toronto Titans batting - Pitching for Seattle Pikes : LHP John Whitaker
|
Batting: RHB Manuel González
|
0-0: Foul Ball, location: 2F 0-1: Ground out 6-3 (Groundball, 6M)
|
Batting: LHB Jorge Martínez
|
0-0: Ball 1-0: Ball 2-0: Called Strike 2-1: Ball 3-1: Foul Ball, location: 2F 3-2: Strikes out looking
|
Batting: RHB Gilberto López
|
0-0: Ground out 5-3 (Groundball, 5)
|
Bottom of the 3rd over - 0 run(s), 0 hit(s), 0 error(s), 0 left on base; Seattle 3 - Toronto 4 |
TOP OF THE 4TH |
Seattle Pikes batting - Pitching for Toronto Titans : RHP Arturo Medrano
|
Batting: RHB Roberto Zamora
|
0-0: Called Strike 0-1: Ball 1-1: Foul Ball, location: 2F 1-2: SINGLE (Line Drive, 89S)
|
Batting: RHB Emílio Bruno
|
0-0: Ball 1-0: Foul Ball, location: 2F 1-1: Called Strike 1-2: Strikes out looking
|
Batting: SHB Jong-min Kim
|
0-0: Called Strike 0-1: Fly out, F7 (Flyball, 7S)
|
Batting: RHB António Ortega
|
0-0: Called Strike Roberto Zamora is caught stealing 2nd base
|
Top of the 4th over - 0 run(s), 1 hit(s), 0 error(s), 0 left on base; Seattle 3 - Toronto 4 |
BOTTOM OF THE 4TH |
Toronto Titans batting - Pitching for Seattle Pikes : LHP John Whitaker
|
Batting: LHB Lewis Barr
|
0-0: Swinging Strike 0-1: SINGLE (Groundball, 56D)
|
Batting: RHB David Murray
|
0-0: Called Strike 0-1: Foul Ball, location: 2F 0-2: Ball 1-2: Hit by Pitch Lewis Barr to second
|
Batting: LHB Anacleto Morillo
|
0-0: Swinging Strike 0-1: Ball 1-1: Ball 2-1: Foul Ball, location: 2F 2-2: Fly out, F8 (Flyball, 8LD) Runner from 2nd tags up, SAFE at 3rd, no throw
|
Batting: SHB Ryobe Yamamoto
|
0-0: Ball 1-0: Ball 2-0: Ball 3-0: Called Strike 3-1: SINGLE (Groundball, 3S) (infield hit) Lewis Barr scores David Murray to second
|
Batting: LHB José Rodríguez
|
0-0: 3-RUN HOME RUN (Line Drive, 9D), Distance : 395 ft
|
Pitching: RHP Kenshin Kubota
|
|
Batting: LHB Kent MacDulothe
|
0-0: Foul Ball, location: 2F 0-1: Foul Ball, location: 2F 0-2: Strikes out swinging
|
Batting: RHB Manuel González
|
0-0: Fly out, F6 (Line Drive, 6)
|
Bottom of the 4th over - 4 run(s), 3 hit(s), 0 error(s), 0 left on base; Seattle 3 - Toronto 8 |
TOP OF THE 5TH |
Seattle Pikes batting - Pitching for Toronto Titans : RHP Arturo Medrano
|
Pitching: RHP Ross Holley
|
|
Batting: RHB António Ortega
|
0-0: Called Strike 0-1: Swinging Strike 0-2: Ball 1-2: Strikes out swinging
|
Batting: LHB Luka Lagerweij
|
0-0: Called Strike 0-1: Ball 1-1: Fly out, F7 (Flyball, 7D)
|
Batting: RHB Henning Huisman
|
0-0: SINGLE (Groundball, 56D)
|
Batting: RHB Dennis Stephenson
|
0-0: Called Strike Henning Huisman steals 2nd base 0-1: Foul Ball, location: 2F 0-2: Foul Ball, location: 2F 0-2: Foul Ball, location: 2F 0-2: Strikes out swinging
|
Top of the 5th over - 0 run(s), 1 hit(s), 0 error(s), 1 left on base; Seattle 3 - Toronto 8 |
BOTTOM OF THE 5TH |
Toronto Titans batting - Pitching for Seattle Pikes : RHP Kenshin Kubota
|
Batting: LHB Jorge Martínez
|
0-0: Swinging Strike 0-1: Swinging Strike 0-2: Foul Ball, location: 2F 0-2: Ball 1-2: Foul Ball, location: 2F 1-2: Ball 2-2: Ground out 4-3 (Groundball, 4)
|
Batting: RHB Gilberto López
|
0-0: Ball 1-0: Ground out 3-1 (Groundball, 3L)
|
Batting: LHB Lewis Barr
|
0-0: Foul Ball, location: 2F 0-1: Ball 1-1: Ball 2-1: Foul Ball, location: 2F 2-2: Ball 3-2: Base on Balls
|
Batting: RHB David Murray
|
0-0: Called Strike 0-1: Foul Ball, location: 2F 0-2: DOUBLE (Line Drive, 8LM) Lewis Barr to third Runner from 3rd tries for Home, SAFE, no throw or cutoff
|
Batting: LHB Anacleto Morillo
|
0-0: Called Strike 0-1: Foul Ball, location: 2F 0-2: Ground out 3-1 (Groundball, 34)
|
Bottom of the 5th over - 1 run(s), 1 hit(s), 0 error(s), 1 left on base; Seattle 3 - Toronto 9 |
TOP OF THE 6TH |
Seattle Pikes batting - Pitching for Toronto Titans : RHP Ross Holley
|
Batting: RHB John Anderson
|
0-0: Ball 1-0: Ball 2-0: Swinging Strike 2-1: Called Strike 2-2: Ball 3-2: Strikes out swinging
|
Batting: RHB Rafael Rincón
|
0-0: Called Strike 0-1: Ball 1-1: Swinging Strike 1-2: Ball 2-2: Strikes out looking
|
Batting: RHB Roberto Zamora
|
0-0: Ball 1-0: Foul Ball, location: 2F 1-1: Called Strike 1-2: Ball 2-2: Ball 3-2: Strikes out swinging
|
Top of the 6th over - 0 run(s), 0 hit(s), 0 error(s), 0 left on base; Seattle 3 - Toronto 9 |
BOTTOM OF THE 6TH |
Toronto Titans batting - Pitching for Seattle Pikes : RHP Kenshin Kubota
|
Pinch Hitting: RHB Júlio Caraballo
|
0-0: Fly out, F5 (Popup, 5SF)
|
Pinch Hitting: RHB Jeff Packard
|
0-0: Called Strike 0-1: Ball 1-1: Ball 2-1: Foul Ball, location: 2F 2-2: SINGLE (Groundball, 56)
|
Pinch Hitting: RHB Lu-fang Huie
|
0-0: Ball 1-0: Ball 2-0: Called Strike 2-1: Ball 3-1: Foul Ball, location: 2F 3-2: Strikes out swinging
|
Batting: RHB Manuel González
|
0-0: Ball 1-0: Ball 2-0: Ball 3-0: Called Strike 3-1: Base on Balls Jeff Packard to second
|
Pinch Hitting: RHB Chris Parker
|
0-0: Ball 1-0: Fielders Choice at 2nd, U6 (Groundball, 6M)
|
Bottom of the 6th over - 0 run(s), 1 hit(s), 0 error(s), 2 left on base; Seattle 3 - Toronto 9 |
TOP OF THE 7TH |
Seattle Pikes batting - Pitching for Toronto Titans : RHP Ross Holley
|
Pitching: RHP Pablo Cabral
|
|
Now at C: Michael Woodruff
|
|
Now at 2B: Alberto Velásquez
|
|
Now at 3B: Júlio Caraballo
|
|
Now at SS: Mitsuoki Taguchi
|
|
Now in CF: Lu-fang Huie
|
|
Pinch Hitting: RHB Manuel Rico
|
0-0: Called Strike 0-1: Called Strike 0-2: Strikes out swinging
|
Pinch Hitting: LHB Bruno Lalonde
|
0-0: Ball 1-0: Swinging Strike 1-1: Foul Ball, location: 2F 1-2: Strikes out swinging
|
Pinch Hitting: LHB Chad Weaver
|
0-0: Foul Ball, location: 2F 0-1: Called Strike 0-2: Foul Ball, location: 2F 0-2: Foul Ball, location: 2F 0-2: Foul Ball, location: 2F 0-2: Ball 1-2: Ball 2-2: Ball 3-2: Foul Ball, location: 2F 3-2: Strikes out looking
|
Top of the 7th over - 0 run(s), 0 hit(s), 0 error(s), 0 left on base; Seattle 3 - Toronto 9 |
BOTTOM OF THE 7TH |
Toronto Titans batting - Pitching for Seattle Pikes : RHP Kenshin Kubota
|
Pitching: RHP Júlio Torres
|
|
Now at 1B: Chad Weaver
|
|
Now at 3B: Naomi Kitamura
|
|
Now in CF: Bruno Lalonde
|
|
Batting: RHB Gilberto López
|
0-0: Ball 1-0: Called Strike 1-1: SOLO HOME RUN (Flyball, 7LD), Distance : 354 ft
|
Batting: RHB Matt Doyle
|
0-0: Ball 1-0: SINGLE (Line Drive, 56)
|
Batting: RHB David Murray
|
0-0: Ball 1-0: Grounds into double play, 4-6-3 (Groundball, 4)
|
Batting: LHB Anacleto Morillo
|
0-0: DOUBLE (Groundball, 5D)
|
Batting: RHB Júlio Caraballo
|
0-0: Ball 1-0: Called Strike 1-1: Called Strike 1-2: Ball 2-2: Ball 3-2: SINGLE (Groundball, 6MD) Anacleto Morillo to third Anacleto Morillo scores
|
Batting: RHB Alberto Velásquez
|
0-0: Fly out, F9 (Popup, 34D)
|
Bottom of the 7th over - 2 run(s), 4 hit(s), 0 error(s), 1 left on base; Seattle 3 - Toronto 11 |
TOP OF THE 8TH |
Seattle Pikes batting - Pitching for Toronto Titans : RHP Pablo Cabral
|
Pitching: RHP David Lester
|
|
Pinch Hitting: RHB Dave Morgan
|
0-0: Foul Ball, location: 2F 0-1: Ball 1-1: Swinging Strike 1-2: Strikes out looking
|
Pinch Hitting: LHB Eduardo Gómez
|
0-0: Called Strike 0-1: Ball 1-1: Foul Ball, location: 2F 1-2: Foul Ball, location: 2F 1-2: SOLO HOME RUN (Flyball, 89XD), Distance : 427 ft
|
Batting: RHB Reynold Akker
|
0-0: SINGLE (Line Drive, 4MD)
|
Batting: RHB John Anderson
|
0-0: Called Strike 0-1: Foul Ball, location: 2F 0-2: Ball 1-2: Strikes out swinging
|
Pinch Hitting: RHB Murai Ishihara
|
0-0: Foul Ball, location: 2F 0-1: Ground out 5-3 (Groundball, 5S)
|
Top of the 8th over - 1 run(s), 2 hit(s), 0 error(s), 1 left on base; Seattle 4 - Toronto 11 |
BOTTOM OF THE 8TH |
Toronto Titans batting - Pitching for Seattle Pikes : RHP Júlio Torres
|
Now at 1B: Eduardo Gómez
|
|
Now at 2B: Murai Ishihara
|
|
Now in LF: Dave Morgan
|
|
Batting: RHB Lu-fang Huie
|
0-0: Ball 1-0: Ground out 6-3 (Groundball, 6)
|
Batting: RHB Michael Woodruff
|
0-0: Called Strike 0-1: Swinging Strike 0-2: Ball 1-2: Foul Ball, location: 2F 1-2: Strikes out swinging
|
Batting: RHB Mitsuoki Taguchi
|
0-0: Foul Ball, location: 2F 0-1: Foul Ball, location: 2F 0-2: Strikes out swinging
|
Bottom of the 8th over - 0 run(s), 0 hit(s), 0 error(s), 0 left on base; Seattle 4 - Toronto 11 |
TOP OF THE 9TH |
Seattle Pikes batting - Pitching for Toronto Titans : RHP David Lester
|
Pinch Hitting: RHB Wallace Greene
|
0-0: Called Strike 0-1: Called Strike 0-2: Strikes out swinging
|
Pinch Hitting: RHB Tae-kwon Kwon
|
0-0: Swinging Strike 0-1: Fly out, F9 (Flyball, 9M)
|
Batting: LHB Bruno Lalonde
|
0-0: Ball 1-0: Swinging Strike 1-1: Swinging Strike 1-2: Ball 2-2: SINGLE (Groundball, 56D) (infield hit)
|
Batting: LHB Chad Weaver
|
0-0: Ball 1-0: Called Strike 1-1: Called Strike 1-2: Fielders Choice at 2nd, U6 (Groundball, 6M)
|
Top of the 9th over - 0 run(s), 1 hit(s), 0 error(s), 1 left on base; Seattle 4 - Toronto 11 |
|